Map: Blackpink РВ

Players

Horaz - Winner!

  • Race: Zerg Zerg
  • League: Diamond
  • Spawn Location: 7:00

Dessa

  • Race: Zerg Zerg
  • League: Diamond
  • Spawn Location: 1:00

VOD

Have the link to the VOD?

Description

Time

  • Played on: Dec. 1, 2017, 6:30 a.m.
  • Length: 6:44
Show
View Real Time Build Order
Export as new Build Order

Horaz Zerg - Winner!

Build Orders: Hatch First 

Get SALT Encoding   

  12  0:01  Drone  
  13  0:11  Drone  
  14  0:17  Extractor  
  14  0:18  Drone  
  15  0:22  Overlord  
  15  0:40  Drone x2  
  17  0:53  Hatchery  
  16  0:58  Drone  
  16  1:00  Drone  
  18  1:11  Extractor  
  18  1:16  Spawning Pool  
  16  1:19  Drone  
  16  1:22  Drone  
  18  1:27  Drone  
  19  1:38  Overlord  
  19  1:49  Drone  
  20  2:03  Queen  
  20  2:04  Zergling x2  
  20  2:07  Queen  
  25  2:08  Zergling x2  
  25  2:11  Drone  
  25  2:13  Metabolic Boost  
  27  2:18  Drone  
  28  2:27  Drone  
  29  2:37  Zergling x2  
  30  2:38  Drone x2  
  30  2:43  Baneling Nest  
  31  2:46  Queen  
  31  2:48  Overlord  
  33  3:00  Drone x2  
  33  3:01  Drone  
  36  3:14  Overlord  
  36  3:15  Drone x3  
  36  3:16  Drone  
  40  3:32  Overlord  
  40  3:33  Drone x4  
  44  3:46  Overlord  
  44  3:47  Drone x4  
  48  3:52  Roach Warren  
  48  3:54  Evolution Chamber  
  45  3:58  Zergling x8  
  49  4:16  Extractor  
  48  4:17  Extractor  
  47  4:28  Hatchery  
  46  4:37  Zerg Missile Weapons Level 1  
  46  4:38  Lair  
  46  4:40  Drone, Overlord  
  46  4:41  Drone x3  
  46  4:42  Drone x4, Extractor  
  51  5:11  Roach x9  
  67  5:23  Overlord  
  67  5:24  Roach x2  
  67  5:25  Roach  
  73  5:37  Overlord  
  73  5:38  Roach  
  75  6:06  Roach  
  75  6:07  Roach x10  
  97  6:22  Roach  
  97  6:24  Overlord x3  
Show
View Real Time Build Order
Export as new Build Order

Dessa Zerg 

Build Orders: Pool First 

Get SALT Encoding   

  12  0:01  Drone  
  13  0:12  Overlord  
  13  0:17  Drone  
  14  0:31  Drone x2  
  16  0:37  Drone  
  17  0:46  Drone  
  17  0:49  Spawning Pool  
  17  0:59  Extractor  
  17  1:00  Drone  
  17  1:16  Hatchery  
  16  1:23  Drone  
  17  1:27  Overlord  
  17  1:31  Drone  
  18  1:41  Queen  
  20  1:47  Drone  
  20  1:50  Drone  
  23  2:01  Zergling x2, Metabolic Boost  
  23  2:11  Drone  
  24  2:19  Queen  
  26  2:26  Drone  
  27  2:30  Queen  
  27  2:35  Drone  
  27  2:36  Drone  
  31  2:39  Drone  
  32  2:46  Drone  
  32  2:47  Extractor  
  32  2:50  Drone  
  33  2:51  Drone x2  
  35  2:59  Overlord  
  35  3:02  Overlord  
  35  3:05  Drone  
  36  3:17  Lair  
  36  3:21  Drone  
  36  3:22  Drone, Roach Warren  
  36  3:24  Drone  
  37  3:29  Drone  
  38  3:35  Drone  
  39  3:42  Zergling x8  
  39  3:48  Drone  
  44  3:49  Evolution Chamber  
  44  3:50  Drone  
  44  3:51  Evolution Chamber  
  43  3:58  Drone x2  
  45  4:18  Drone x2  
  45  4:19  Drone x2, Extractor  
  45  4:20  Drone x3  
  45  4:22  Drone  
  45  4:23  Extractor, Overlord x2  
  51  4:34  Zerg Missile Weapons Level 1  
  51  4:35  Zerg Ground Armor Level 1  
  51  4:36  Glial Reconstitution  
  51  4:52  Drone x3  
  54  4:53  Overlord  
  54  4:54  Roach x4  
  60  5:13  Roach  
  60  5:14  Roach  
  62  5:18  Roach x3  
  62  5:19  Roach, Overlord  
  70  5:43  Hatchery  
  69  5:52  Roach x2, Overlord x2  
  69  5:53  Roach  
  69  5:54  Roach  
  77  6:05  Roach x3  
  83  6:23  Roach x4  
Tags
 
Add a new tag
Caveats
  • Supply blocks, unpowered buildings, or Contaminate may cause inaccurate times.
  • Supply counts are checked every 10 seconds.